 Dungeon Crawl Stone Soup version 0.24-a0-451-g263dff2034 (webtiles) character file.

Game seed: 14565530364682450245

95 Krouwed the Grave Robber (level 4, -1/30 HPs)
             Began as a Human Necromancer on June 26, 2019.
             Slain by an ooze (3 damage)
             ... on level 3 of the Dungeon.
             The game lasted 00:12:02 (3043 turns).

Krouwed the Grave Robber (Human Necromancer)        Turns: 3043, Time: 00:12:03

Health: -1/30      AC:  3    Str: 10    XL:     4   Next: 97%
Magic:  2/9        EV: 12    Int: 15    God:
Gold:   176        SH:  0    Dex: 13    Spells: 0/9 levels left

rFire    . . .     SeeInvis .   b - +1 dagger
rCold    . . .     Gourm    .   (no shield)
rNeg     . . .     Faith    .   a - +0 robe
rPois    .         Spirit   .   e - +0 helmet
rElec    .         Reflect  .   (no cloak)
rCorr    +         Harm     .   (no gloves)
MR       .....                  (no boots)
Stlth    ++........             (no amulet)
HPRegen  0.10/turn              g - ring of resist corrosion
MPRegen  0.11/turn              (no ring)

@: berserk cooldown, very slightly contaminated, slowed, very slow
A: no striking features
a: no special abilities


You were on level 3 of the Dungeon.
You were very hungry.

You visited 1 branch of the dungeon, and saw 3 of its levels.

You collected 176 gold pieces.

Inventory:

Hand Weapons
 b - a +1 dagger (weapon)
Missiles
 j - 70 arrows
 m - a throwing net
 n - 12 poisoned darts (quivered)
Armour
 a - a +0 robe (worn)
 d - a +0 pair of gloves
 e - a +0 helmet (worn)
 q - a +0 ring mail
Jewellery
 g - a ring of resist corrosion (left hand)
 o - a +3 ring of dexterity
Scrolls
 f - 2 scrolls of identify
 r - a scroll of teleportation {unknown}
Potions
 h - a potion of curing
 i - a potion of degeneration
 k - a potion of mutation {unknown}
 p - 2 potions of haste
 s - a potion of flight {unknown}
Comestibles
 c - 3 rations
 l - 4 chunks of flesh


   Skills:
 - Level 2.0 Dodging
 - Level 2.0 Stealth
 + Level 3.3 Spellcasting
 + Level 5.0 Necromancy


You couldn't memorise any spells.
You knew the following spells:

 Your Spells              Type           Power        Failure   Level  Hunger
a - Pain                  Necr           ###.         2%          1    None
b - Animate Skeleton      Necr           N/A          2%          1    None
c - Vampiric Draining     Necr           ###.......   8%          3    ###....
d - Animate Dead          Necr           N/A          24%         4    ####...

Your spell library contained the following spells:

 Spells                   Type           Power        Failure   Level  Hunger
 Regeneration             Chrm/Necr      ##........   21%         3    ###....


Dungeon Overview and Level Annotations

Branches:
Dungeon (3/15)

Altars:
Wu Jian
Xom


Message History

You kill the orc wizard!
Your Necromancy skill increases to level 5!
n - 11 poisoned darts (gained 1)
Things that are here:
a +0 dagger; a +0 robe; an orc corpse You butcher the orc corpse.
You feel a strong urge to attack something.
l - 4 chunks of flesh (gained 2)
Things that are here:
a +0 dagger; a +0 robe; an orc skeleton You are too berserk!
n - 12 poisoned darts (gained 1)
You see here a +0 flail.
You feel your anger nearly subside.
You are no longer berserk.
You are exhausted.
You feel yourself slow down.
You see here 2 poisoned darts.
You see here a +0 flail.
The ooze hits you.
You die...

#†# #(# #o# #.# ..#
######o# #.# #..(.o.# #.#
#(###### ##.##
#.#############...#####
#.([).)()@...##.......#
#.######J###........# #..
#.# #.#..........#.#..
#.. P≈P≈.##.......#.#..
#.. ♣P≈PP≈PP#........#.#
#.P≈ ≈≈≈♣≈≈≈.≈P...#.###.#
#.#≈P.PP≈♣≈♣≈PP.≈##..##.#
#.#####PPP≈≈≈♣≈P.P#.#.#.#
..PPP♣≈≈≈≈PP.###..##


You could see an ooze.

Vanquished Creatures
  An orc wizard (D:3)
  An adder (D:3)
  A worm (D:2)
  3 dart slugs (D:1)
  A leopard gecko (D:1)
  3 orcs (D:3)
  A ball python (D:3)
  7 bats
  4 giant cockroaches
  3 goblins
  4 hobgoblins
  8 kobolds
  2 quokkas
  A frilled lizard (D:3)
  2 rats
42 creatures vanquished.

Notes
Turn   | Place    | Note
-------+----------+-------------------------------------------
     0 | D:1      | Krouwed the Human Necromancer began the quest for the Orb.
     0 | D:1      | Reached XP level 1. HP: 13/13 MP: 3/3
     2 | D:1      | Learned a level 1 spell: Animate Skeleton
   126 | D:1      | Found a shimmering altar of Xom.
   467 | D:1      | Reached XP level 2. HP: 12/19 MP: 0/5
  1373 | D:2      | Reached XP level 3. HP: 23/24 MP: 3/6
  1468 | D:2      | Learned a level 3 spell: Vampiric Draining
  1510 | D:2      | Found an ornate altar of the Wu Jian Council.
  2773 | D:3      | Reached XP level 4. HP: 29/30 MP: 5/8
  2911 | D:3      | Learned a level 4 spell: Animate Dead
  3030 | D:3      | HP: 1/30 [orc wizard/magic dart (7)]
  3034 | D:3      | Reached skill level 5 in Necromancy
  3043 | D:3      | Slain by an ooze

Levels and vault maps discovered:
D:1:      dpeg_arrival_radiant, layout_loops_ring, xom_teletrap_fun
D:2:      layout_loops_corners, old_standard_altar
D:3:      layout_loops_ring, serial_bayou_lagoon_a, minivault_25

Skill      XL: |  1  2  3  4 |
---------------+-------------+-----
Spellcasting   | 3 |  3.3
Necromancy     | 5 |  5.0
Dodging        | |  2.0
Stealth        | |  2.0

Action                   |  1- 3 |  4- 6 || total
-------------------------+-------+-------++-------
Melee: Dagger            |    54 |    17 ||    71
Throw: Dart              |    21 |    20 ||    41
 Cast: Pain              |    47 |     8 ||    55
       Animate Dead      |       |     1 ||     1
  Use: Scroll            |     3 |       ||     3
       Potion            |     1 |     1 ||     2
 Stab: Sleeping          |     4 |       ||     4
  Eat: Chunk             |     2 |     1 ||     3
       Ration            |     1 |       ||     1
Armor: Robe              |    22 |     6 ||    28
Dodge: Dodged            |    43 |    14 ||    57

Table legend:
 A = Non-vault XP
 B = Vault XP
 C = Vault XP percentage of total XP
 D = Non-vault monster count
 E = Vault monster count
 F = Vault count percentage of total count
                 A         B        C        D         E       F
            +---------+---------+-------+---------+---------+-------
      Total |     137 |       0 |   0.0 |      42 |       0 |   0.0
            +---------+---------+-------+---------+---------+-------
        D:1 |      28 |       0 |   0.0 |      11 |       0 |   0.0
        D:2 |      36 |       0 |   0.0 |      19 |       0 |   0.0
        D:3 |      73 |       0 |   0.0 |      12 |       0 |   0.0
            +---------+---------+-------+---------+---------+-------
